 Dungeon Crawl Stone Soup version 0.21-a0-440-g28109cb (webtiles) character file.

1153 kae the Cleaver (level 8, -7/71 HPs)
             Began as a Hill Orc Fighter on Nov 11, 2017.
             Mangled by an orc warrior
             ... wielding a +0 halberd
              (9 damage)
             ... while paralysed by Grinder
             ... on level 6 of the Dungeon.
             The game lasted 00:04:19 (5659 turns).

kae the Cleaver (Hill Orc Fighter)                  Turns: 5659, Time: 00:04:20

Health: -7/71      AC:  9    Str: 21    XL:     8   Next: 38%
Magic:  8/8        EV:  2    Int:  8    God:
Gold:   276        SH:  0    Dex: 10    Spells: 7/7 levels left

rFire    + . .     SeeInvis .   a - +1 war axe
rCold    . . .     Gourm    .   c - +0 shield
rNeg     . . .     Faith    .   s - +0 ring mail
rPois    .         Spirit   .   p - +0 helmet
rElec    .         Reflect  .   (no cloak)
rCorr    +         Harm     .   (no gloves)
MR       .....                  m - +1 pair of boots
Stlth    ..........             (no amulet)
HPRegen  0.21/turn              e - ring of protection from fire
MPRegen  0.11/turn              o - ring of resist corrosion

@: paralysed, about to teleport
A: no striking features
a: Convert to Beogh


You were on level 6 of the Dungeon.
You were not hungry.

You visited 2 branches of the dungeon, and saw 7 of its levels.

You collected 276 gold pieces.

Inventory:

Hand Weapons
 a - a +1 war axe (weapon)
Armour
 b - a +0 scale mail
 c - a +0 shield (worn)
 m - a +1 pair of boots (worn)
 p - a +0 helmet (worn)
 s - a +0 ring mail (worn)
Jewellery
 e - a ring of protection from fire (left hand)
 j - an uncursed amulet of rage
 o - a ring of resist corrosion (right hand)
Scrolls
 i - a scroll of identify
 q - a scroll of teleportation
 r - a scroll of recharging
 u - a scroll of enchant armour
 v - a scroll of magic mapping
Potions
 d - a potion of might
 g - 3 potions of curing
 h - 2 potions of lignification
 k - a potion of mutation
 n - a potion of heal wounds {unknown}
 t - a potion of cancellation
Comestibles
 f - 3 bread rations
 l - 3 meat rations


   Skills:
 + Level 6.8 Fighting
 * Level 9.3 Axes
 + Level 6.2 Armour
 - Level 3.2 Shields


You had 7 spell levels left.
You didn't know any spells.

Dungeon Overview and Level Annotations

Branches:
Dungeon (6/15)             Temple (1/1) D:5

Altars:
Ashenzari
Cheibriados
Elyvilon
Fedhas
Gozag
Hepliaklqana
Makhleb
Nemelex Xobeh
Ru
Vehumet
Xom
Yredelemnul
Zin

Annotations:
D:6 Grinder


Message History

You can move again.
You are too injured to fight recklessly!
Unknown command.
Unknown command.
Unknown command.
As you read the scroll of teleportation, it crumbles to dust.
You feel strangely unstable.
The orc warrior hits you from afar with a halberd!
* * * LOW HITPOINT WARNING * * *
An orc wizard comes into view. It is wielding a dagger.
Grinder says, "Just stop there for a second..."
Grinder gestures at you.
You suddenly lose the ability to move!
The orc wizard shouts!
You hear a shout!
Grinder blinks!
The orc wizard mumbles some strange words.
The orc wizard seems to speed up.
The orc hits you with a flail.
* * * LOW HITPOINT WARNING * * *
The orc warrior hits you from afar with a halberd!
You die...

############ #.#####
......# #.# #####.. #.#
..<.# ##.#
....###.#####..# .
..............#########..
....###.####.####........
.#...##.##...............
................@....####
................o........
................#o.######
...##............o...#
..^..........#....5...#
.##...........o.....<..#
...................ยง...#
#####........a...o.....#
###........<...........#


You could see Grinder, an orc warrior, a worker ant (wandering), an orc priest,
2 orc wizards and an orc.

Vanquished Creatures
  An ice beast (D:6)
  An ogre (D:4)
  A phantom (D:5)
  The ghost of JackS81 the Changer, an amateur BaTm of Sif Muna (D:3)
  A centaur (D:4)
  A bullfrog (D:6)
  2 howler monkeys
  A centaur zombie (D:6)
  3 crimson imps (D:5)
  A jelly (D:6)
  A centaur skeleton (D:5)
  An orc priest (D:4)
  2 orc wizards
  4 worker ants
  12 adders
  A shadow imp (D:5)
  2 oozes
  An adder zombie (D:5)
  2 worms (D:2)
  4 dart slugs
  4 leopard geckos
  9 orcs
  2 giant cockroaches
  5 goblins
  10 hobgoblins
  9 jackals
  12 kobolds
  A ball python (D:2)
  7 bats
  7 frilled lizards
  5 rats
114 creatures vanquished.

Vanquished Creatures (others)
  A giant cockroach (D:4)
  A quokka (D:4)
2 creatures vanquished.

Grand Total: 116 creatures vanquished

Notes
Turn   | Place    | Note
-------+----------+-------------------------------------------
     0 | D:1      | kae the Hill Orc Fighter began the quest for the Orb.
     0 | D:1      | Reached XP level 1. HP: 19/19 MP: 1/1
    90 | D:1      | Reached skill level 3 in Axes
   141 | D:1      | Reached XP level 2. HP: 23/27 MP: 2/2
   228 | D:1      | You fall through a shaft!
   236 | D:2      | Reached XP level 3. HP: 28/33 MP: 3/3
   442 | D:1      | Reached skill level 4 in Axes
  1192 | D:2      | Reached XP level 4. HP: 39/40 MP: 4/4
  1817 | D:3      | Reached skill level 5 in Axes
  1960 | D:3      | Reached XP level 5. HP: 42/47 MP: 5/5
  2305 | D:3      | Noticed JackS81's ghost (amateur BaTm)
  2333 | D:3      | Killed JackS81's ghost
  2333 | D:3      | Reached skill level 5 in Fighting
  2333 | D:3      | Reached skill level 6 in Axes
  2333 | D:3      | Reached XP level 6. HP: 37/56 MP: 6/6
  2783 | D:4      | Found a blossoming altar of Fedhas.
  3341 | D:4      | Reached skill level 5 in Armour
  3584 | D:4      | Reached skill level 7 in Axes
  3584 | D:4      | Reached XP level 7. HP: 56/61 MP: 7/7
  3739 | D:4      | Found a white marble altar of Elyvilon.
  4468 | D:5      | Entered Level 5 of the Dungeon
  4640 | D:5      | Found a staircase to the Ecumenical Temple.
  4735 | Temple   | Entered the Ecumenical Temple
  4857 | D:5      | Reached skill level 8 in Axes
  5081 | D:5      | Reached XP level 8. HP: 57/71 MP: 8/8
  5393 | D:5      | Found a radiant altar of Vehumet.
  5483 | D:6      | Reached skill level 9 in Axes
  5608 | D:6      | Found an opulent altar of Gozag.
  5641 | D:6      | Noticed Grinder
  5650 | D:6      | Paralysed by Grinder for 7 turns
  5658 | D:6      | Paralysed by Grinder for 2 turns
  5659 | D:6      | HP: 2/71 [orc/flail (6)]
  5659 | D:6      | Mangled by an orc warrior

Vault maps used:
D:1:      elethiomel_arrival_maze, st_stairs_9
D:2:      kennysheep_nondescript
D:4:      fedhas_bush_and_centaur_altar, elyvilon_altar_4
D:5:      kennysheep_six_static_rooms, kennysheep_little_box,
          minmay_temple_entry_statues_pillars, serial_glass, glass_columns_a,
          glass_columns_b, first_bread
D:6:      grunt_gozag_statues, uniq_grinder
Temple:   zaba_magenta_temple

Skill      XL: |  1  2  3  4  5  6  7  8 |
---------------+-------------------------+-----
Axes           | 3 4 5 6 7 8 9 |  9.3
Fighting       | 4 5 6 |  6.8
Armour         | 4 5 6 |  6.2
Shields        | |  3.2

Action                   |  1- 3 |  4- 6 |  7- 9 || total
-------------------------+-------+-------+-------++-------
Melee: War axe           |    87 |   200 |   164 ||   451
  Use: Scroll            |       |     9 |     4 ||    13
  Eat: Chunk             |       |     7 |     7 ||    14
       Royal jelly       |       |       |     1 ||     1
Armor: Scale mail        |    40 |    38 |       ||    78
       Ring mail         |       |    49 |    62 ||   111
Dodge: Dodged            |    26 |    54 |    44 ||   124
Block: Shield            |    41 |   104 |    59 ||   204

Table legend:
 A = Spawn XP
 B = Non-spawn XP
 C = Spawn XP percentage of total XP
 D = Spawn monster count
 E = Non-spawn monster count
 F = Spawn count percentage of total count
 G = Total turns spent on level
                    A         B        C        D         E        F      G
               +---------+---------+-------+---------+---------+-------+---------
         Total |       0 |    1648 |   0.0 |       0 |     114 |   0.0 |  5659
               +---------+---------+-------+---------+---------+-------+---------
           D:1 |       0 |      51 |   0.0 |       0 |      24 |   0.0 |   948
           D:2 |       0 |      70 |   0.0 |       0 |      19 |   0.0 |   626
           D:3 |       0 |     217 |   0.0 |       0 |      25 |   0.0 |   948
           D:4 |       0 |     470 |   0.0 |       0 |      17 |   0.0 |  1946
           D:5 |       0 |     455 |   0.0 |       0 |      21 |   0.0 |   920
           D:6 |       0 |     385 |   0.0 |       0 |       8 |   0.0 |   192
               +---------+---------+-------+---------+---------+-------+---------
